 Dungeon Crawl Stone Soup version 0.30.1-11-g7821555f0a (webtiles) character file.

Game seed: 18226946947315357212

9 Chiseanne the Twirler (level 2, 22/22 HPs)
             Began as a Demonspawn Wanderer on Nov 27, 2023.
             Quit the game on level 1 of the Dungeon.
             The game lasted 00:00:21 (162 turns).

Chiseanne the Twirler (Demonspawn Wanderer)          Turns: 162, Time: 00:00:22

Health: 22/22      AC:  6    Str:  9    XL:     2   Next: 3%
Magic:  5/5        EV:  8    Int: 17    God:
Gold:   0          SH:  0    Dex: 11    Spells: 4/5 levels left

rFire   . . .        a - +0 quarterstaff
rCold   . . .        (shield currently unavailable)
rNeg    . . .        b - +0 scale mail
rPois   .            (helmet restricted)
rElec   .            (no cloak)
rCorr   .            (no gloves)
SInv    .            (no boots)
Will    .....        (no amulet) Stlth
                     (no ring)
HPRegen 0.23/turn    (no ring)
MPRegen 0.09/turn

%: no passive effects
@: no status effects
A: antennae 1
a: no special abilities


You were on level 1 of the Dungeon.
You visited 1 branch of the dungeon, and saw 1 of its levels.

Inventory:

Hand Weapons
 a - a +0 quarterstaff (weapon)
Missiles
 d - a stone
Armour
 b - a +0 scale mail (worn)
Scrolls
 e - a scroll of identify {unknown}
Potions
 c - a potion of might


   Skills:
 * Level 1.7 Fighting
 - Level 2.6 Staves
 - Level 1.7 Armour
 - Level 2.0 Spellcasting
 - Level 1.7 Transmutations
 - Level 1.0 Evocations


You had 4 spell levels left.
You knew the following spells:

 Your Spells              Type           Power      Damage    Failure   Level
a - Sting                 Tmut/Pois      16%        1d3       71%         1

Your spell library contained the following spells:

 Spells                   Type           Power      Damage    Failure   Level
 Passwall                 Tmut/Erth      3%         N/A       85%         2
 Ice Form                 Ice/Tmut       4%         N/A       100%        4


Dungeon Overview and Level Annotations

Branches:
Dungeon (1/15)

Altars:

Shops:
D:1 :


Innate Abilities, Weirdness & Mutations

You have a pair of small antennae on your head.


Message History

You are too injured to fight recklessly!
You are too injured to fight recklessly!
You are too injured to fight recklessly!
You are too injured to fight recklessly!
You are too injured to fight recklessly!
You are too injured to fight recklessly!
You are too injured to fight recklessly!
You are too injured to fight recklessly!
You are too injured to fight recklessly!
You are too injured to fight recklessly!
You are too injured to fight recklessly!
You are too injured to fight recklessly!
You are too injured to fight recklessly!
You are too injured to fight recklessly!
You are too injured to fight recklessly!
You are too injured to fight recklessly!
You are too injured to fight recklessly!
You closely miss the quokka.
The quokka is almost dead.
The quokka bites you.
You closely miss the quokka.
The quokka is almost dead.
The quokka bites you.
* * * LOW HITPOINT WARNING * * *
The quokka bites you.
* * * LOW HITPOINT WARNING * * *
You hit the quokka.
You kill the quokka!
As you open the large door, it creaks loudly!
Found Buar's Book Emporium.
A kobold comes into view. It is wielding a +0 whip.
The kobold shouts!
There is a large open door here.
You sock the kobold!
You kill the kobold!
You have reached level 2!
You feel monstrous as your demonic heritage exerts itself.
Your demonic ancestry asserts itself...
A pair of antennae grows on your head!
Are you sure you want to abandon this character and quit the game? (Confirm with "yes".)

#######.####
############
........# #####.###
#.# +# #.# .# #.#
.# #####.# ###>#
...)..#########.'.#
..###†..†.......@.#
.. #........####∩#
.. #..#####.# .#
......## #.# .#
_.....# #.# +#
......# #.# ..###.#
#.# ..#G#.# #.# #..


There were no monsters in sight!

Vanquished Creatures
  2 hobgoblins (D:1)
  2 quokkas (D:1)
  A ball python (D:1)
  2 kobolds (D:1)
  A rat (D:1)
8 creatures vanquished.

Notes
Turn   | Place    | Note
-------+----------+-------------------------------------------
     0 | D:1      | Chiseanne the Demonspawn Wanderer began the quest for the
                  | Orb.
     0 | D:1      | Chiseanne set off with the following items: a +0
                  | quarterstaff, a +0 scale mail, a potion of might; and the
                  | following spell memorised: Sting; and the following spells
                  | available to memorise: Passwall, Ice Form.
     0 | D:1      | Reached XP level 1. HP: 13/13 MP: 3/3
    32 | D:1      | Noticed a floating eye
    41 | D:1      | Reached skill level 1 in Fighting
    49 | D:1      | Found a faded altar of an unknown god.
    64 | D:1      | Noticed a golden eye
   159 | D:1      | Found Buar's Book Emporium.
   162 | D:1      | Discovered your monstrous ancestry.
   162 | D:1      | Gained mutation: You have a pair of small antennae on your
                  | head. [demonic ancestry]
   162 | D:1      | Reached XP level 2. HP: 22/22 MP: 5/5
   162 | D:1      | Quit the game

Illustrated notes

Levels and vault maps discovered:
D:1:      lemuel_arrival_behind_the_door_large, layout_loops_ring, serial_shops,
          nicolae_shop_hallway_stairs, shop, shop, nicolae_shop_window_shopping,
          shop, hellmonk_ecumenical_altar_watching_god, hex_medium

Skill      XL: |  1 |
---------------+----+-----
Fighting       | 1 |  1.7
Staves         | |  2.6
Armour         | |  1.7
Spellcasting   | |  2.0
Transmutations | |  1.7
Evocations     | |  1.0

Action                     || total
---------------------------++-------
  Melee: Quarterstaff      ||    29
 Armour: Scale mail        ||    16
  Dodge: Dodged            ||    10
